[Event "Titled Tuesday Blitz June 22 2021"]
[White "Ponikarovsky, Alexey"]
[Black "Nguyen, Ngoc Truong Son"]
[WhiteFideId "4122887"]
[BlackFideId "12401110"]
[WhiteElo "1944"]
[BlackElo "2596"]
[Result "1-0"]
[Round "09"]
[TimeControl "180+1"]
[Date "2021.06.22"]
[WhiteClock "0:01:59"]
[BlackClock "0:00:01"]

1. e4 c5 2. d4 cxd4 3. Nf3 e5 4. Bc4 Nf6 5. c3 Nxe4 6. Nxe5 Qf6 7. Bxf7+ Kd8 8. Qxd4 Bd6 9. Qxe4 Bxe5 10. O-O d6 11. Bc4 Re8 12. Qc2 Bf5 13. Bd3 Bxd3 14. Qxd3 Nd7 15. h3 Nc5 16. Qd5 Kc7 17. b4 1-0


[Site "https://www.chess.com"]

[Event "Titled Tuesday Blitz June 22 2021"]
[White "Rychagov, Andrey"]
[Black "Smirnov, Pavel"]
[WhiteFideId "4119932"]
[BlackFideId "4123425"]
[WhiteElo "2527"]
[BlackElo "2584"]
[Result "1-0"]
[Round "09"]
[TimeControl "180+1"]
[Date "2021.06.22"]
[WhiteClock "0:00:42"]
[BlackClock "0:00:04"]

1. d4 Nf6 2. c4 g6 3. Nf3 Bg7 4. Nc3 O-O 5. e4 d6 6. Be2 e5 7. Be3 exd4 8. Nxd4 Re8 9. Qc2 Nc6 10. Rd1 Ng4 11. Bxg4 Bxg4 12. f3 Bd7 13. O-O Ne5 14. b3 f5 15. Rfe1 fxe4 16. Nxe4 Qe7 17. Nc3 Qf7 18. Bf2 Bc6 19. Nd5 Bxd5 20. cxd5 Qxd5 21. Qxc7 Nf7 22. Ne6 Qc6 23. Qa5 b6 24. Qd2 Be5 25. Rc1 Qd7 26. Nc7 g5 27. Nxa8 Rxa8 28. Bg3 Bxg3 29. hxg3 Rf8 30. Qd5 Kg7 31. Re6 Rd8 1-0


[Site "https://www.chess.com"]

[Event "Titled Tuesday Blitz June 22 2021"]
[White "Sarana, Alexey"]
[Black "Izoria, Zviad"]
[WhiteFideId "24133795"]
[BlackFideId "13601733"]
[WhiteElo "2629"]
[BlackElo "2626"]
[Result "1/2-1/2"]
[Round "09"]
[TimeControl "180+1"]
[Date "2021.06.22"]
[WhiteClock "0:00:04"]
[BlackClock "0:00:08"]

1. e4 c6 2. Nf3 d5 3. Nc3 a6 4. h3 e6 5. d4 Nf6 6. e5 Nfd7 7. Ne2 c5 8. c3 Nc6 9. Nf4 cxd4 10. cxd4 Bb4+ 11. Bd2 Qa5 12. a3 Bxd2+ 13. Qxd2 Qxd2+ 14. Kxd2 Ke7 15. Rc1 f6 16. exf6+ gxf6 17. Bd3 Kd6 18. Bb1 e5 19. Ne2 Nb6 20. Ba2 Rg8 21. g4 e4 22. Nh4 f5 23. gxf5 Rf8 24. Ng3 Nxd4 25. Rhd1 Nxf5 26. Nhxf5+ Bxf5 27. Ke3 Bg6 28. Ke2 Rf4 29. Ke1 Raf8 30. Rd2 e3 31. fxe3 Rf3 32. Rg2 Rxe3+ 33. Kd2 Rd3+ 34. Ke1 Rff3 35. Ne2 Rxh3 36. Ng1 Rhg3 37. Rxg3 Rxg3 38. Kf2 Rd3 39. Ke2 Rg3 40. Kf2 Rd3 41. Ke2 Be4 42. Rf1 Rg3 43. Rf6+ Kc7 44. Kf1 Rg2 45. Ne2 Rh2 46. Rf7+ Kb8 47. Ke1 Nc4 48. Nc3 Bg6 49. Rf8+ Ka7 50. Nxd5 Nb6 51. Ne7 Rxb2 52. Bd5 Rc2 53. Bf3 Rc7 54. Nf5 Bxf5 55. Rxf5 Nc4 56. a4 Nb2 57. a5 Nd3+ 58. Kd2 Nc5 59. Rh5 Re7 60. Bh1 Nd7 61. Kd3 Nb8 62. Kc4 Nc6 63. Bxc6 bxc6 64. Kc5 Kb7 65. Rh6 Rd7 66. Rh4 Kc7 67. Rh6 Rd5+ 68. Kc4 Rd7 69. Rh4 Kb7 70. Rh6 Kc7 71. Kc5 Rd5+ 72. Kb4 Rd7 73. Kc5 1/2-1/2


[Site "https://www.chess.com"]

[Event "Titled Tuesday Blitz June 22 2021"]
[White "Sellitti, Federico"]
[Black "Dobrov, Vladimir"]
[WhiteFideId "821829"]
[BlackFideId "4136594"]
[WhiteElo "2592"]
[BlackElo "2614"]
[Result "0-1"]
[Round "09"]
[TimeControl "180+1"]
[Date "2021.06.22"]
[WhiteClock "0:00:02"]
[BlackClock "0:00:16"]

1. e4 c5 2. Nc3 Nc6 3. g3 g6 4. Bg2 Bg7 5. d3 d6 6. Be3 e5 7. Qd2 Nge7 8. Bh6 Bxh6 9. Qxh6 Be6 10. Qd2 Nd4 11. Nd1 d5 12. c3 Ndc6 13. Ne2 O-O 14. Ne3 Qd7 15. O-O dxe4 16. Bxe4 f5 17. Bxc6 Nxc6 18. f4 Rad8 19. Rfd1 Rfe8 20. b3 Bf7 21. Nc4 exf4 22. Nxf4 b5 23. Ne3 b4 24. Rac1 bxc3 25. Rxc3 Nd4 26. Qf2 g5 27. Nfg2 Bh5 28. Re1 Nf3+ 29. Kh1 Nxe1 30. Nxe1 Qd4 31. Qxf5 Qxe3 32. Ng2 Qd2 33. h4 Qxc3 34. Qxg5+ Bg6 35. h5 Qe5 36. Qg4 Qxh5+ 0-1


[Site "https://www.chess.com"]

[Event "Titled Tuesday Blitz June 22 2021"]
[White "Srihari L R"]
[Black "Donchenko, Alexander"]
[WhiteFideId "46617116"]
[BlackFideId "24603295"]
[WhiteElo "2121"]
[BlackElo "2553"]
[Result "1/2-1/2"]
[Round "09"]
[TimeControl "180+1"]
[Date "2021.06.22"]
[WhiteClock "0:00:08"]
[BlackClock "0:00:22"]

1. c4 Nf6 2. Nc3 e5 3. Nf3 Nc6 4. d3 Bb4 5. g3 O-O 6. Bg2 d6 7. O-O Bxc3 8. bxc3 Re8 9. e4 h6 10. Rb1 b6 11. Nh4 Bg4 12. Qc2 Qc8 13. Nf5 Rb8 14. Ne3 Bh3 15. f4 Bxg2 16. Qxg2 Ng4 17. f5 Nxe3 18. Bxe3 f6 19. g4 Kf7 20. h4 Rh8 21. Kf2 Qa6 22. Kf3 Qa3 23. Rb3 Qa5 24. Qb2 Qa6 25. Rg1 Na5 26. Rb4 c5 27. Rb5 Qb7 28. Qg2 a6 29. Rbb1 Nc6 30. a4 Qd7 31. Rh1 Ne7 32. Ra1 b5 33. axb5 axb5 34. cxb5 Rxb5 35. Qa2+ d5 36. exd5 Qd6 37. c4 Rb6 38. Rhb1 h5 39. Rxb6 hxg4+ 40. Kxg4 Qxb6 41. Rb1 Qd6 42. Qa7 e4 43. Bxc5 Rxh4+ 44. Kxh4 Qh2+ 45. Kg4 Qg2+ 46. Kh4 Qh2+ 47. Kg4 Qg2+ 48. Kh4 Qh2+ 1/2-1/2


[Site "https://www.chess.com"]

[Event "Titled Tuesday Blitz June 22 2021"]
[White "Tanenbaum, Zachary"]
[Black "Terry, Renato"]
[WhiteFideId "2060850"]
[BlackFideId "3803457"]
[WhiteElo "2165"]
[BlackElo "2581"]
[Result "1/2-1/2"]
[Round "09"]
[TimeControl "180+1"]
[Date "2021.06.22"]
[WhiteClock "0:00:06"]
[BlackClock "0:00:07"]

1. e4 g6 2. d4 Bg7 3. Nc3 c6 4. Nf3 d5 5. h3 Nh6 6. Be2 f6 7. O-O Nf7 8. Re1 O-O 9. Bf4 e5 10. Bg3 exd4 11. Qxd4 f5 12. e5 g5 13. Bd3 Re8 14. h4 f4 15. Bh2 Nd7 16. hxg5 Ndxe5 17. Qxf4 Nxd3 18. cxd3 Be6 19. d4 Qd7 20. Qh4 Bf5 21. Ne5 Nxe5 22. Bxe5 Bxe5 23. dxe5 Qg7 24. f4 d4 25. Ne4 Bxe4 26. Rxe4 Rad8 27. Rd1 c5 28. Qg3 Qg6 29. Qf3 Rf8 30. e6 Rde8 31. Rde1 b6 32. e7 Rf7 33. Re6 Qg7 34. Qd5 Kh8 35. Qd7 Qg8 36. Rd6 Rg7 37. Qxe8 Qxe8 38. Rd8 Rg8 39. Rxe8 Rxe8 40. f5 Kg7 41. f6+ Kf7 42. Kf2 c4 43. Re4 c3 44. bxc3 dxc3 45. Rc4 h6 46. gxh6 Kxf6 47. Rxc3 Rxe7 48. Rh3 Kg6 49. g4 Rh7 50. Ke3 Rxh6 51. Rxh6+ Kxh6 52. Kd4 Kg5 53. Kc4 Kxg4 54. Kb5 Kf5 55. Ka6 Ke6 56. Kxa7 Kd7 57. Kxb6 Kc8 58. a4 Kb8 59. a5 Ka8 60. a6 Kb8 61. a7+ Ka8 62. Ka6 1/2-1/2


[Site "https://www.chess.com"]

[Event "Titled Tuesday Blitz June 22 2021"]
[White "Tari, Aryan"]
[Black "Korobov, Anton"]
[WhiteFideId "1510045"]
[BlackFideId "14105730"]
[WhiteElo "2656"]
[BlackElo "2668"]
[Result "0-1"]
[Round "09"]
[TimeControl "180+1"]
[Date "2021.06.22"]
[WhiteClock "0:00:25"]
[BlackClock "0:00:58"]

1. e4 c5 2. Nc3 Nc6 3. f4 e6 4. Nf3 d5 5. Bb5 Ne7 6. b3 a6 7. Bxc6+ Nxc6 8. Bb2 Be7 9. O-O O-O 10. d3 d4 11. Nb1 b5 12. a4 Bb7 13. Nbd2 Qc7 14. Qe1 Nb4 15. Rc1 bxa4 16. bxa4 Bc6 17. Qe2 Bxa4 18. c3 dxc3 19. Bxc3 Na2 20. Be5 Nxc1 21. Rxc1 Qd7 22. Nc4 Bb5 23. Nfd2 Rad8 24. Qg4 f6 25. Ba1 e5 26. Qxd7 Rxd7 27. fxe5 Rxd3 28. exf6 gxf6 29. Bc3 Rfd8 30. Ba5 R8d4 31. h3 Bxc4 32. Nxc4 Rxe4 33. Kh2 Re2 34. Bc7 Kf7 35. Rf1 Ke6 36. Bf4 Rd4 37. Na5 Rxf4 0-1


[Site "https://www.chess.com"]

[Event "Titled Tuesday Blitz June 22 2021"]
[White "Timmermans, Mark"]
[Black "Jones, Gawain C B"]
[WhiteFideId "1026399"]
[BlackFideId "409561"]
[WhiteElo "2460"]
[BlackElo "2657"]
[Result "1-0"]
[Round "09"]
[TimeControl "180+1"]
[Date "2021.06.22"]
[WhiteClock "0:00:28"]
[BlackClock "0:00:01"]

1. b4 f6 2. Bb2 e5 3. e4 Bxb4 4. Bc4 Ne7 5. Qh5+ Ng6 6. f4 d5 7. Bxd5 exf4 8. Nf3 c6 9. Bb3 Na6 10. Nh4 Qa5 11. e5 Kd8 12. Nxg6 Re8 13. Qxh7 Bf5 14. Qxg7 Bxg6 15. Qxg6 Kc7 16. Qxf6 Rad8 17. Qxf4 Rf8 18. Qh6 Bc5 19. e6 Bf2+ 20. Kd1 Rde8 21. Na3 Nc5 22. Be5+ Kc8 23. Nc4 Qd8 24. Nd6+ Kb8 25. Nf7+ Ka8 26. Nxd8 Ne4 27. e7 Rxe7 28. Qxf8 Nc3+ 29. dxc3 1-0


[Site "https://www.chess.com"]

[Event "Titled Tuesday Blitz June 22 2021"]
[White "Vasli, Aref"]
[Black "Le, Tuan Minh"]
[WhiteFideId "417521"]
[BlackFideId "12401153"]
[WhiteElo "2257"]
[BlackElo "2450"]
[Result "0-1"]
[Round "09"]
[TimeControl "180+1"]
[Date "2021.06.22"]
[WhiteClock "0:00:02"]
[BlackClock "0:00:13"]

1. e4 c5 2. Nf3 Nf6 3. e5 Nd5 4. Nc3 e6 5. d4 Nc6 6. Bb5 cxd4 7. Nxd5 exd5 8. O-O Bc5 9. Bg5 Qb6 10. Bd3 O-O 11. a3 a5 12. Rb1 d6 13. b4 axb4 14. axb4 Nxb4 15. Be7 Re8 16. exd6 Bxd6 17. Bxd6 Qxd6 18. Nxd4 Nc6 19. Bb5 Re4 20. Nxc6 bxc6 21. Bd3 Re8 22. Qh5 g6 23. Qh4 c5 24. Rfd1 Bd7 25. h3 Bc6 26. Bf1 d4 27. c3 Re4 28. Qg5 Rd8 29. cxd4 Rxd4 30. Rdc1 Rd5 31. Qh4 Rf5 32. Rb6 Rc8 33. Ba6 Rc7 34. Rb8+ Kg7 35. Rd8 Qe5 36. Bf1 Bd5 37. Rd1 Be6 38. Re8 Qf6 39. Qa4 Rc8 40. Rxc8 Bxc8 41. Qa8 Be6 42. Qb8 Qe5 43. Qb6 Qf4 44. Rd8 Qxf2+ 45. Kh2 Qf4+ 46. Kg1 Qxf1+ 0-1


[Site "https://www.chess.com"]

[Event "Titled Tuesday Blitz June 22 2021"]
[White "Visakh N R"]
[Black "Zubov, Alexander"]
[WhiteFideId "25012223"]
[BlackFideId "14109409"]
[WhiteElo "2428"]
[BlackElo "2740"]
[Result "1-0"]
[Round "09"]
[TimeControl "180+1"]
[Date "2021.06.22"]
[WhiteClock "0:00:27"]
[BlackClock "0:00:03"]

1. e4 e5 2. Nf3 Nc6 3. Bb5 Nf6 4. O-O Nxe4 5. Re1 Nd6 6. Nxe5 Be7 7. Bf1 Nf5 8. c3 Nxe5 9. Rxe5 d6 10. Re1 O-O 11. d4 d5 12. Bf4 c6 13. Nd2 g5 14. Be5 f6 15. Bg3 Nxg3 16. hxg3 Bf5 17. Qf3 Bg6 18. Bd3 f5 19. Nf1 g4 20. Qe3 Bg5 21. f4 gxf3 22. Qxf3 Qd6 23. Re5 Bf6 24. Re2 Bg5 25. Rae1 Rf6 26. Re5 Raf8 27. Ne3 Qd7 28. Rf1 Kh8 29. Nxf5 R6f7 30. g4 Bf6 31. Re2 Qc7 32. Qf4 Qb6 33. Kh1 c5 34. Rfe1 cxd4 35. Re6 Qxb2 36. Nh6 Qxc3 37. Nxf7+ Rxf7 38. Bxg6 hxg6 39. Qh6+ 1-0


[Site "https://www.chess.com"]

[Event "Titled Tuesday Blitz June 22 2021"]
[White "Wagner, Dennis"]
[Black "Quparadze, Giga"]
[WhiteFideId "24650684"]
[BlackFideId "13602250"]
[WhiteElo "2355"]
[BlackElo "2658"]
[Result "1/2-1/2"]
[Round "09"]
[TimeControl "180+1"]
[Date "2021.06.22"]
[WhiteClock "0:00:11"]
[BlackClock "0:00:12"]

1. d4 Nf6 2. Nf3 e6 3. c4 b6 4. g3 Ba6 5. b3 c6 6. Bg2 Bb4+ 7. Nbd2 d5 8. O-O O-O 9. Bb2 Nbd7 10. a3 Be7 11. Qc2 Rc8 12. e4 c5 13. exd5 exd5 14. Rfe1 cxd4 15. Nxd4 Bc5 16. Rad1 dxc4 17. Nc6 Qc7 18. Nxc4 Bb7 19. N4e5 Rfe8 20. Qc4 Re6 21. Nxf7 Nf8 22. Ng5 b5 23. Nxe6 bxc4 24. Nxc7 Rxc7 25. b4 Bxf2+ 26. Kxf2 Ng4+ 27. Kg1 Bxc6 28. Bxc6 Rxc6 29. Bc3 Nf6 30. b5 Rc5 31. a4 Nd5 32. Bd4 Rc7 33. Be5 Rd7 34. Rd4 c3 35. Rc1 Ne6 36. Rdd1 Nc5 37. Rxc3 Nxc3 38. Rxd7 Ne2+ 39. Kf2 Nxd7 40. Kxe2 Nxe5 41. Ke3 Kf7 42. Kd4 Ke6 43. Kc5 Kd7 44. a5 Nd3+ 45. Kd5 Nf2 46. h4 h5 47. Ke5 Nh1 48. Kf4 g6 49. g4 Kc7 50. gxh5 gxh5 51. Kg5 Ng3 52. Kf4 Ne2+ 53. Kg5 Ng3 54. Kf4 Nh1 55. Kf3 Kd6 56. Kg2 Kc5 57. b6 axb6 58. axb6 Kxb6 59. Kxh1 Kc5 60. Kg2 Kd4 61. Kf3 Ke5 62. Ke3 Kf5 63. Kf3 Ke5 64. Ke3 Kf5 65. Kf3 Ke5 1/2-1/2


[Site "https://www.chess.com"]

[Event "Titled Tuesday Blitz June 22 2021"]
[White "Wong, Yinn Long"]
[Black "Pichot, Alan"]
[WhiteFideId "5707684"]
[BlackFideId "110973"]
[WhiteElo "2016"]
[BlackElo "2622"]
[Result "1/2-1/2"]
[Round "09"]
[TimeControl "180+1"]
[Date "2021.06.22"]
[WhiteClock "0:00:21"]
[BlackClock "0:02:30"]

1. e4 c5 2. Nf3 e6 3. g3 Nc6 4. Bg2 Nf6 5. Qe2 d5 6. exd5 Nxd5 7. O-O Be7 8. Rd1 Qb6 9. Nc3 O-O 10. d3 Bf6 11. Ne4 Be7 12. c3 Bd7 13. Ne1 Rad8 14. Nc2 Bc8 15. Ne3 Rfe8 16. Nc4 Qc7 17. f4 b5 18. Ne3 Bf8 19. a4 b4 20. Qc2 Ba6 21. Nc4 Na5 22. Nxa5 Qxa5 23. c4 Ne7 24. Be3 Nf5 25. Bf2 Nd4 26. Bxd4 Rxd4 27. Nd2 Qc7 28. Nb3 Rd7 29. Qe2 Red8 30. Rd2 g6 31. Qe3 Bg7 32. Rad1 Bd4 33. Nxd4 Rxd4 34. b3 Bb7 35. Bxb7 Qxb7 36. Re2 Qd7 37. Red2 Qd6 38. Kg2 h5 39. Qf3 Rd7 40. h4 Qe7 41. Re1 Qd6 42. Re3 Qc7 43. Qa8+ Kg7 44. Qf3 Qd8 45. Qe2 Qa8+ 46. Qf3 Qd8 47. Qe2 Qf6 48. Re5 Qd8 49. Re3 1/2-1/2


[Site "https://www.chess.com"]

[Event "Titled Tuesday Blitz June 22 2021"]
[White "Abdusattorov, Nodirbek"]
[Black "Hess, Robert"]
[WhiteFideId "14204118"]
[BlackFideId "2022036"]
[WhiteElo "2662"]
[BlackElo "2557"]
[Result "1-0"]
[Round "10"]
[TimeControl "180+1"]
[Date "2021.06.22"]
[WhiteClock "0:00:45"]
[BlackClock "0:00:02"]

1. d4 d6 2. c4 g6 3. e4 Bg7 4. Nc3 e5 5. d5 f5 6. h4 Nf6 7. Bd3 f4 8. Bd2 a5 9. g3 fxg3 10. fxg3 O-O 11. Qc2 Na6 12. a3 Nc5 13. O-O-O a4 14. Kb1 Ng4 15. Nh3 Nb3 16. Bg5 Qd7 17. Rdf1 h6 18. Rxf8+ Bxf8 19. Bc1 Qe7 20. Nf2 Nxf2 21. Qxf2 Nxc1 22. Rxc1 Bg7 23. Nb5 c6 24. dxc6 bxc6 25. Nc3 Be6 26. Qc2 Qa7 27. Rd1 Bf8 28. h5 g5 29. Rf1 Qe3 30. Nxa4 Rxa4 31. Rf6 Qe1+ 32. Ka2 Bf7 33. Qxa4 Qxg3 34. Qa7 Bxh5 35. Be2 1-0


[Site "https://www.chess.com"]

[Event "Titled Tuesday Blitz June 22 2021"]
[White "Andreikin, Dmitry"]
[Black "Kosteniuk, Alexandra"]
[WhiteFideId "4158814"]
[BlackFideId "4128125"]
[WhiteElo "2782"]
[BlackElo "2521"]
[Result "1-0"]
[Round "10"]
[TimeControl "180+1"]
[Date "2021.06.22"]
[WhiteClock "0:00:20"]
[BlackClock "0:00:07"]

1. b3 Nf6 2. Bb2 b6 3. Nf3 Bb7 4. g3 e6 5. Bg2 Be7 6. O-O O-O 7. c4 c5 8. Nc3 d5 9. cxd5 Nxd5 10. Nxd5 Bxd5 11. d4 cxd4 12. Qxd4 Bf6 13. Qd2 Bxb2 14. Qxb2 Nd7 15. Rac1 Nf6 16. Rfd1 Qe7 17. Ne5 Rac8 18. Bxd5 Nxd5 19. e4 Nf6 20. f3 Qb7 21. Qd4 h6 22. Kf2 Rxc1 23. Rxc1 Rc8 24. Rxc8+ Qxc8 25. Qc4 Qd8 26. Ke2 g6 27. b4 h5 28. a4 Kg7 29. b5 Qd6 30. Qc3 Qd8 31. Nc6 Qc7 32. Qe5 Qxe5 33. Nxe5 Kf8 34. Kd3 Ke8 35. h4 Nd7 36. Nxd7 Kxd7 37. e5 Ke7 38. Ke4 Kf8 39. Kf4 Kg8 40. Kg5 Kg7 41. g4 hxg4 42. fxg4 f6+ 43. exf6+ Kf7 44. h5 gxh5 45. gxh5 e5 46. h6 e4 47. h7 e3 48. h8=Q 1-0


[Site "https://www.chess.com"]

[Event "Titled Tuesday Blitz June 22 2021"]
[White "Balakrishnan, Praveen"]
[Black "Zubov, Alexander"]
[WhiteFideId "2064871"]
[BlackFideId "14109409"]
[WhiteElo "2237"]
[BlackElo "2740"]
[Result "1/2-1/2"]
[Round "10"]
[TimeControl "180+1"]
[Date "2021.06.22"]
[WhiteClock "0:00:04"]
[BlackClock "0:00:06"]

1. Nf3 Nf6 2. b3 g6 3. Bb2 Bg7 4. d4 c5 5. dxc5 Na6 6. g3 Nxc5 7. Bg2 O-O 8. O-O b6 9. c4 Bb7 10. Nc3 d6 11. Qc2 Rc8 12. Rfd1 a6 13. Rac1 Qe8 14. Qb1 b5 15. Nd5 bxc4 16. bxc4 Bxd5 17. cxd5 Rb8 18. Qa1 Qa4 19. Bd4 Rfc8 20. Rb1 Qc4 21. e3 Nce4 22. Bf1 Qc2 23. Rxb8 Qxf2+ 24. Kh1 Rxb8 25. Bg2 Qe2 26. Re1 Qc4 27. Rb1 Rc8 28. Qb2 Bh6 29. Qb7 Nxd5 30. Nd2 Nxd2 31. Bxd5 Qc2 32. Rg1 Bg7 33. Bxg7 Kxg7 34. Qxe7 Qf5 35. Qxd6 Rc2 36. Bg2 Qf6 37. Qxf6+ Kxf6 38. a3 Ra2 39. Rd1 Ke5 40. Re1 Rxa3 41. Rc1 Rxe3 42. Kg1 Ne4 43. Ra1 Nc3 44. Rxa6 f5 45. Kf2 Re2+ 46. Kg1 Rc2 47. Ra5+ Kd4 48. Ra7 Ke3 49. Re7+ Ne4 50. h3 Rc1+ 51. Kh2 h5 52. Re6 g5 53. Re5 Kd4 54. Rxf5 Nd2 55. Rxg5 Rc2 56. Rf5 Ke3 57. Re5+ Kd4 58. Re2 Kd3 59. Rf2 Ke3 60. Rf4 h4 61. Rf8 Ne4 62. gxh4 Nf2 63. Re8+ Kf4 64. Rf8+ Ke5 65. Rf3 Nd1 66. Rf1 Ne3 67. Rg1 Kf4 68. Kh1 Rd2 69. Bf1 Nf5 70. Bg2 Ng3+ 71. Kh2 Ne2 72. Rf1+ Ke3 73. Rf3+ Kd4 74. Rf2 Ke3 75. Rf3+ Kd4 76. Rf8 Ke3 77. h5 Nf4 78. Re8+ Kf2 79. Rf8 Ke3 80. Rg8 Nxh5 81. h4 Nf4 82. Rg3+ Kd4 83. Rg4 Ke5 84. Rg5+ Kf6 85. Rg4 Kf5 86. Rg5+ Kf6 87. Rg4 Ne6 88. Rg3 Nd4 89. Rg4 Nf5 90. Rf4 Ke5 91. Rg4 Ne3 92. Rg8 Kf4 93. Rg7 Ng4+ 94. Kg1 Rd1+ 95. Bf1 Ne3 96. Rf7+ Kg3 97. Rg7+ Kf3 98. Rf7+ Kg3 99. Rg7+ Kxh4 100. Rh7+ Kg5 101. Rg7+ Kf6 102. Rg3 Rxf1+ 103. Kh2 Nf5 104. Rg1 Rf4 105. Ra1 Kg5 106. Kg2 Rb4 107. Ra2 Rb3 108. Rd2 Kf4 109. Rf2+ Kg4 110. Ra2 Nh4+ 111. Kf2 Ng6 112. Ke2 Nf4+ 113. Kd2 Kf3 114. Ra8 Ke4 115. Kc2 Rf3 116. Kd2 Rf2+ 117. Kc3 Nd5+ 118. Kc4 Rc2+ 119. Kb3 Rc7 120. Rd8 Kd4 121. Rh8 Rb7+ 122. Kc2 Ne3+ 123. Kd2 Rb2+ 124. Kc1 Rf2 125. Rc8 Kd3 126. Rd8+ Kc3 127. Rc8+ Nc4 128. Kd1 Rf7 129. Ke2 Re7+ 130. Kf3 Rd7 131. Ke4 Rd4+ 132. Kf3 Kd3 133. Re8 Nd2+ 134. Kf2 Ne4+ 135. Kf3 Nd6 136. Re3+ Kc4 137. Re1 Kd5 138. Re7 Kc5 139. Re5+ Kc4 140. Re7 Rd3+ 141. Re3 Rd2 142. Re2 Rd1 143. Re6 Nb5 144. Re4+ Nd4+ 145. Kg4 Kd5 146. Re3 Rf1 147. Ra3 Ne6 148. Kh5 Ke5 149. Kg6 Rg1+ 150. Kf7 Rg7+ 151. Ke8 Rb7 152. Re3+ Kd5 1/2-1/2


[Site "https://www.chess.com"]

[Event "Titled Tuesday Blitz June 22 2021"]
[White "Demchenko, Anton"]
[Black "Howell, David W L"]
[WhiteFideId "4160258"]
[BlackFideId "410608"]
[WhiteElo "2593"]
[BlackElo "2643"]
[Result "1/2-1/2"]
[Round "10"]
[TimeControl "180+1"]
[Date "2021.06.22"]
[WhiteClock "0:00:11"]
[BlackClock "0:00:55"]

1. e4 e6 2. d4 d5 3. Nc3 dxe4 4. Nxe4 Nd7 5. Nf3 Ngf6 6. Bg5 c5 7. dxc5 Bxc5 8. Nxc5 Nxc5 9. Qxd8+ Kxd8 10. Ne5 Ke7 11. f3 Rd8 12. Rd1 Rxd1+ 13. Kxd1 b6 14. Be2 Bb7 15. Kc1 h6 16. Bd2 Nfd7 17. Nxd7 Nxd7 18. a4 a5 19. b3 Rc8 20. Kb2 Nc5 21. Be3 e5 22. Re1 g5 23. h4 gxh4 24. Rh1 Rg8 25. Bf1 f5 26. Rxh4 f4 27. Bxc5+ bxc5 28. Rxh6 Bd5 29. Kc3 Rg3 30. Kd2 e4 31. Rh5 Kd6 32. fxe4 Bxe4 33. Rh2 Ke5 34. c3 Rg5 35. Kc1 Rg3 36. Kd2 Rg5 37. Kc1 Rg3 38. Kd2 1/2-1/2


[Site "https://www.chess.com"]

[Event "Titled Tuesday Blitz June 22 2021"]
[White "Djordjevic, Vuk"]
[Black "Siva Mahadevan"]
[WhiteFideId "902098"]
[BlackFideId "25043153"]
[WhiteElo "2463"]
[BlackElo "2203"]
[Result "1-0"]
[Round "10"]
[TimeControl "180+1"]
[Date "2021.06.22"]
[WhiteClock "0:02:49"]
[BlackClock "0:02:27"]

1. d4 Nf6 2. Bg5 Ne4 3. Bf4 c5 4. f3 Qa5+ 5. c3 Nf6 6. d5 Qb6 7. Bc1 e6 8. e4 exd5 9. exd5 Bd6 10. Na3 O-O 11. Bd3 Re8+ 12. Ne2 Bf8 13. Nc4 d6 14. Nxb6 1-0


[Site "https://www.chess.com"]

[Event "Titled Tuesday Blitz June 22 2021"]
[White "Donchenko, Alexander"]
[Black "Wong, Yinn Long"]
[WhiteFideId "24603295"]
[BlackFideId "5707684"]
[WhiteElo "2553"]
[BlackElo "2016"]
[Result "1-0"]
[Round "10"]
[TimeControl "180+1"]
[Date "2021.06.22"]
[WhiteClock "0:00:31"]
[BlackClock "0:00:05"]

1. Nf3 c5 2. c4 g6 3. d4 cxd4 4. Nxd4 Nc6 5. e4 Nf6 6. Nc3 d6 7. Be2 Nxd4 8. Qxd4 Bg7 9. Be3 O-O 10. Qd2 a5 11. O-O a4 12. Rfd1 Be6 13. Bd4 Nd7 14. Bxg7 Kxg7 15. Rac1 Qb6 16. Qd4+ Qxd4 17. Rxd4 Rfc8 18. f4 Nb6 19. Nb5 Rc5 20. Kf2 Rac8 21. Na3 Nd7 22. Rcd1 Nb6 23. Rc1 Nd7 24. Rc3 Nb6 25. Ke3 f6 26. h4 h6 27. g4 g5 28. f5 Bf7 29. h5 Nd7 30. Rd1 Ne5 31. Rdc1 Kf8 32. b4 axb3 33. axb3 Ra8 34. b4 Rcc8 35. c5 dxc5 36. bxc5 Ra5 37. Nb5 Nxg4+ 38. Bxg4 Rxb5 39. e5 fxe5 40. f6 Rc7 41. fxe7+ Kxe7 42. Bf5 Be6 43. Ke4 Kf6 44. Bg6 Rb4+ 45. Ke3 Rf4 46. Rb1 g4 47. Rb6 Rf3+ 48. Kd2 Rxc3 49. Kxc3 Rxc5+ 50. Kd3 Rc7 51. Ke3 Rc3+ 52. Ke4 Rc4+ 53. Ke3 Rc6 54. Rxb7 Kg5 55. Rb5 Kh4 56. Rxe5 g3 57. Kf3 Bg4+ 58. Kg2 Rc2+ 59. Bxc2 Bh3+ 60. Kg1 Bg4 61. Bd3 Kh3 62. Be2 Bd7 63. Rd5 Be6 64. Rd6 1-0


[Site "https://www.chess.com"]

[Event "Titled Tuesday Blitz June 22 2021"]
[White "Hansen, Eric"]
[Black "Dobrov, Vladimir"]
[WhiteFideId "2606771"]
[BlackFideId "4136594"]
[WhiteElo "2568"]
[BlackElo "2614"]
[Result "1-0"]
[Round "10"]
[TimeControl "180+1"]
[Date "2021.06.22"]
[WhiteClock "0:00:26"]
[BlackClock "0:00:02"]

1. e4 c5 2. Nf3 Nc6 3. Bb5 e6 4. O-O Nge7 5. Re1 a6 6. Bf1 d5 7. d3 b6 8. exd5 Qxd5 9. Nc3 Qd8 10. g3 Bb7 11. Bg2 Qd7 12. Na4 Nc8 13. Be3 Be7 14. d4 Nxd4 15. Bxd4 cxd4 16. Ne5 Qc7 17. Nxf7 Kxf7 18. Qg4 Bxg2 19. Qxe6+ Kf8 20. Kxg2 h5 21. Qf5+ Bf6 22. Qe4 Qd7 23. Qxa8 Kf7 24. b3 h4 25. Nxb6 h3+ 26. Kg1 Nxb6 27. Qxh8 Kg6 28. Rad1 1-0


[Site "https://www.chess.com"]

[Event "Titled Tuesday Blitz June 22 2021"]
[White "Indjic, Aleksandar"]
[Black "Kollars, Dmitrij"]
[WhiteFideId "911925"]
[BlackFideId "12909572"]
[WhiteElo "2643"]
[BlackElo "2576"]
[Result "1-0"]
[Round "10"]
[TimeControl "180+1"]
[Date "2021.06.22"]
[WhiteClock "0:00:05"]
[BlackClock "0:00:02"]

1. b3 e5 2. Bb2 Nc6 3. e3 Nf6 4. Bb5 Bd6 5. Na3 Be7 6. Ne2 O-O 7. Ng3 d6 8. Bxc6 bxc6 9. d3 a5 10. Nc4 a4 11. O-O Bg4 12. Qe1 h5 13. h3 Be6 14. e4 h4 15. Nf5 Bxf5 16. exf5 axb3 17. axb3 Rxa1 18. Bxa1 Nd5 19. Ne3 Nf4 20. Qd1 Bg5 21. Kh2 Nd5 22. Nxd5 cxd5 23. Qf3 d4 24. Bb2 Qf6 25. Ra1 g6 26. fxg6 Qxf3 27. gxf3 fxg6 28. Kg2 Kf7 29. Ra7 Rc8 30. Ba3 Ke6 31. Bb4 Bf4 32. Kf1 Kd7 33. Ke2 Kc6 34. Bd2 Bxd2 35. Kxd2 Rf8 36. Ke2 Rf5 37. Ra8 g5 38. Rg8 Kc5 39. Rg7 Kb6 40. Rh7 Kc6 41. Rg7 Kb6 42. b4 c6 43. Rg6 d5 44. Re6 Kb5 45. Rg6 Kb6 46. Rh6 Kb5 47. Re6 Kb6 48. Re8 Kb5 49. Rb8+ Ka6 50. b5+ cxb5 51. Rd8 e4 52. dxe4 dxe4 53. fxe4 Rc5 54. Kd2 Rc3 55. Rd5 Rxh3 56. Rxg5 Rf3 57. Ke2 Rc3 58. f4 h3 59. e5 Kb6 60. Rh5 Kc6 61. Kd2 Kd5 62. Rh6 Rg3 63. e6 1-0


[Site "https://www.chess.com"]

[Event "Titled Tuesday Blitz June 22 2021"]
[White "Izoria, Zviad"]
[Black "Kovalev, Vladislav"]
[WhiteFideId "13601733"]
[BlackFideId "13504398"]
[WhiteElo "2626"]
[BlackElo "2573"]
[Result "1/2-1/2"]
[Round "10"]
[TimeControl "180+1"]
[Date "2021.06.22"]
[WhiteClock "0:00:12"]
[BlackClock "0:00:14"]

1. Nf3 Nf6 2. c4 g6 3. Nc3 Bg7 4. g3 O-O 5. Bg2 d6 6. d4 Nc6 7. d5 Na5 8. b3 c5 9. Bb2 a6 10. O-O b5 11. cxb5 axb5 12. Nxb5 Ba6 13. Nc3 Qb6 14. Nd2 Rfb8 15. Rb1 c4 16. Na4 Qa7 17. Bc3 cxb3 18. axb3 Bb5 19. Ra1 Nxb3 20. Qxb3 Bxa4 21. Qa3 Qa6 22. Bf3 Bb5 23. Qxa6 Rxa6 24. Rfb1 Rxa1 25. Bxa1 Nd7 26. Bxg7 Kxg7 27. e4 Bd3 28. Rxb8 Nxb8 29. Bg2 g5 30. f4 gxf4 31. gxf4 Nd7 32. Kf2 Nf6 33. Ke3 Bc2 34. Bf3 Kh6 35. Nf1 Ba4 36. Ng3 Bd7 37. e5 Ne8 38. Kd4 Kg7 39. Be4 e6 40. dxe6 Bxe6 41. Nf5+ 1/2-1/2


[Site "https://www.chess.com"]